[ PARTIDA AOE2 · #475514474 ]
UnrankedBorgoñones vs Franks
[ ANÁLISIS DE REPETICIÓN · EXTRAÍDO DE LA PARTIDA GRABADA ]
Feudal
10:35
Castillos
18:19
Imperial
—
| APM promedio | 35.2 |
| APM pico | 59 |
| eAPM promedio | 22.5 |
| Aldeanos / militares | 135 / 187 |
Foco
⚔️ 29.8% · 🌾 70.2%
Knight ×142 · Scout Cavalry ×27 · Battering Ram ×15 · Scorpion ×2 · Monk ×1
Feudal
8:54
Castillos
25:56
Imperial
—
| APM promedio | 50.1 |
| APM pico | 97 |
| eAPM promedio | 18.6 |
| Aldeanos / militares | 72 / 68 |
Foco
⚔️ 47.5% · 🌾 52.5%
Archer ×67 · Monk ×1
Feudal
—
Castillos
—
Imperial
—
| APM promedio | 67.6 |
| APM pico | 121 |
| eAPM promedio | 39.7 |
| Aldeanos / militares | 149 / 83 |
Foco
⚔️ 16.0% · 🌾 84.0%
Knight ×83
Feudal
8:29
Castillos
18:11
Imperial
—
| APM promedio | 53.5 |
| APM pico | 127 |
| eAPM promedio | 18.8 |
| Aldeanos / militares | 88 / 59 |
Foco
⚔️ 38.4% · 🌾 61.6%
Knight ×49 · Scout Cavalry ×8 · Monk ×2
Feudal
10:56
Castillos
14:33
Imperial
—
| APM promedio | 45.6 |
| APM pico | 86 |
| eAPM promedio | 26.8 |
| Aldeanos / militares | 76 / 86 |
Foco
⚔️ 20.1% · 🌾 79.9%
Archer ×84 · Mangonel ×2
Feudal
9:01
Castillos
24:04
Imperial
—
| APM promedio | 42.6 |
| APM pico | 69 |
| eAPM promedio | 19.2 |
| Aldeanos / militares | 78 / 55 |
Foco
⚔️ 30.6% · 🌾 69.4%
Archer ×53 · War Wagon ×2
Feudal
12:42
Castillos
16:12
Imperial
—
| APM promedio | 23.2 |
| APM pico | 42 |
| eAPM promedio | 14.8 |
| Aldeanos / militares | 115 / 74 |
Foco
⚔️ 19.9% · 🌾 80.1%
Knight ×51 · Scout Cavalry ×16 · Battle Elephant ×5 · Monk ×2
Feudal
8:51
Castillos
20:18
Imperial
33:35
| APM promedio | 83.4 |
| APM pico | 134 |
| eAPM promedio | 25.7 |
| Aldeanos / militares | 87 / 95 |
Foco
⚔️ 38.8% · 🌾 61.2%
Archer ×95
Mapa de la partida
Recursos iniciales + cada clic de construcción. Líneas = muros · curvas = relieve. ◆ oro · ⬟ piedra · ● bayas · ✦ reliquia · ◌ hueco del cierre
Tu base· ✓ Cerrada en 18:19 · 0t muro · 2 puerta(s)
Base de Claymore_微笑的特雷莎· ✓ Cerrada en 25:56 · 1t muro · 3 puerta(s)
Base de SnubPigeon1853· ✓ Cerrada en 11:55 · 0t muro · 2 puerta(s)
Base de Sói· ✓ Cerrada en 18:11 · 0t muro · 2 puerta(s)
Base de Malleeroot· ✓ Cerrada en 14:33 · 1t muro · 5 puerta(s)
Base de LêHuy69· ✓ Cerrada en 24:04 · 0t muro · 2 puerta(s)
Base de ArfGran· ✓ Cerrada en 16:12 · 3t muro · 5 puerta(s)
Base de IamAlextremo· ✓ Cerrada en 20:18 · 0t muro · 3 puerta(s)
Terreno inicial suavizado · ◌ = hueco del cierre detectado · pasá el cursor para detalles
Inputs por minuto
— Richard_cat - - Claymore_微笑的特雷莎
Build order — Richard_cat
Primeras 150 de 378 acciones detectadas
| 0:02 | Crear | Villager (Male) ×4 |
| 0:03 | Construir | House |
| 0:04 | Construir | House |
| 1:37 | Crear | Villager (Male) |
| 2:09 | Crear | Villager (Male) |
| 2:10 | Crear | Villager (Male) |
| 2:10 | Crear | Villager (Male) |
| 2:27 | Construir | Lumber Camp |
| 2:37 | Crear | Villager (Male) |
| 3:07 | Investigar | Double-Bit Axe |
| 3:12 | Crear | Villager (Male) |
| 3:39 | Construir | House |
| 3:47 | Crear | Villager (Male) |
| 3:57 | Construir | House |
| 4:03 | Crear | Villager (Male) |
| 4:03 | Crear | Villager (Male) |
| 4:31 | Crear | Villager (Male) |
| 4:48 | Construir | Mill |
| 4:51 | Crear | Villager (Male) |
| 4:51 | Crear | Villager (Male) |
| 4:52 | Crear | Villager (Male) |
| 5:21 | Crear | Villager (Male) |
| 5:43 | Crear | Villager (Male) |
| 6:01 | Crear | Villager (Male) |
| 6:31 | Investigar | Horse Collar |
| 6:33 | Crear | Villager (Male) |
| 6:49 | Crear | Villager (Male) |
| 7:14 | Construir | Farm |
| 7:16 | Construir | Farm |
| 7:20 | Construir | Farm |
| 7:33 | Crear | Villager (Male) |
| 7:48 | Crear | Villager (Male) |
| 8:23 | Investigar | Feudal Age |
| 8:44 | Construir | House |
| 8:54 | Construir | Mining Camp |
| 8:56 | Crear | Villager (Male) |
| 8:56 | Crear | Villager (Male) |
| 9:26 | Construir | House |
| 10:10 | Construir | Barracks |
| 10:35 | Edad | Edad Feudal |
| 10:39 | Investigar | Bow Saw |
| 10:46 | Crear | Villager (Male) |
| 11:33 | Construir | Stable |
| 11:38 | Crear | Villager (Male) |
| 11:43 | Crear | Villager (Male) |
| 11:50 | Construir | Farm |
| 12:01 | Construir | Farm |
| 12:15 | Construir | House |
| 12:24 | Crear | Scout Cavalry |
| 12:25 | Crear | Scout Cavalry |
| 12:25 | Crear | Scout Cavalry |
| 12:28 | Construir | Farm |
| 12:35 | Construir | Farm |
| 12:37 | Construir | Farm |
| 12:40 | Crear | Villager (Male) |
| 12:53 | Construir | Farm |
| 12:53 | Crear | Villager (Male) |
| 12:54 | Construir | Farm |
| 12:57 | Crear | Scout Cavalry |
| 12:59 | Construir | House |
| 13:06 | Construir | Blacksmith |
| 13:19 | Construir | Farm |
| 13:23 | Crear | Villager (Male) |
| 13:24 | Construir | Farm |
| 13:37 | Construir | Farm |
| 13:50 | Crear | Villager (Male) |
| 13:58 | Construir | Farm |
| 14:03 | Crear | Villager (Male) |
| 14:13 | Construir | House |
| 14:21 | Construir | Farm |
| 14:43 | Crear | Villager (Male) |
| 15:05 | Construir | Farm |
| 15:08 | Crear | Villager (Male) |
| 15:39 | Investigar | Castle Age |
| 15:39 | Investigar | Castle Age |
| 16:15 | Investigar | Forging |
| 16:30 | Construir | House |
| 16:30 | Construir | House |
| 16:30 | Construir | House |
| 16:30 | Construir | Farm |
| 16:36 | Construir | Farm |
| 16:43 | Construir | Farm |
| 16:46 | Investigar | Scale Barding Armor |
| 16:58 | Construir | Stable |
| 17:10 | Investigar | Gold Mining |
| 18:09 | Construir | House |
| 18:09 | Construir | House |
| 18:09 | Investigar | Wheelbarrow |
| 18:09 | Investigar | Gold Shaft Mining |
| 18:09 | Investigar | Wheelbarrow |
| 18:09 | Investigar | Gold Shaft Mining |
| 18:19 | Edad | Edad de los Castillos |
| 18:29 | Construir | Town Center |
| 18:34 | Investigar | Cavalier (upgrade) |
| 18:38 | Crear | Knight |
| 18:38 | Crear | Knight |
| 18:38 | Crear | Knight |
| 18:38 | Crear | Knight |
| 18:39 | Crear | Knight |
| 18:54 | Construir | Lumber Camp |
| 19:02 | Crear | Villager (Male) |
| 19:04 | Construir | House |
| 19:11 | Crear | Knight |
| 19:11 | Crear | Knight |
| 19:11 | Crear | Knight |
| 19:11 | Crear | Knight |
| 19:31 | Crear | Villager (Male) |
| 19:38 | Construir | Town Center |
| 19:44 | Crear | Knight |
| 19:44 | Crear | Knight |
| 19:44 | Crear | Knight |
| 19:48 | Construir | Farm |
| 19:58 | Crear | Villager (Male) |
| 20:20 | Crear | Knight |
| 20:51 | Crear | Villager (Male) |
| 20:52 | Crear | Villager (Male) |
| 20:54 | Crear | Villager (Male) |
| 20:54 | Crear | Villager (Male) |
| 20:54 | Crear | Villager (Male) |
| 21:17 | Crear | Villager (Male) |
| 21:17 | Crear | Villager (Male) |
| 21:17 | Crear | Villager (Male) |
| 22:18 | Crear | Knight |
| 22:18 | Crear | Knight |
| 22:18 | Crear | Villager (Male) ×5 |
| 22:21 | Crear | Villager (Male) |
| 22:30 | Crear | Villager (Male) |
| 22:30 | Construir | Farm |
| 22:31 | Construir | Farm |
| 22:31 | Construir | Farm |
| 22:31 | Construir | Farm |
| 22:31 | Investigar | Chain Barding Armor |
| 22:31 | Investigar | Iron Casting |
| 22:31 | Crear | Knight ×3 |
| 22:32 | Crear | Knight ×3 |
| 22:32 | Crear | Knight ×3 |
| 22:42 | Construir | Monastery |
| 22:46 | Construir | Farm |
| 22:48 | Construir | Farm |
| 22:50 | Construir | Farm |
| 22:54 | Construir | Farm |
| 22:57 | Crear | Villager (Male) |
| 22:57 | Crear | Villager (Male) |
| 22:59 | Crear | Knight |
| 22:59 | Crear | Knight |
| 22:59 | Crear | Knight |
| 22:59 | Crear | Knight |
| 23:00 | Crear | Knight |
| 23:03 | Crear | Villager (Male) |
| 23:09 | Construir | Farm |
Build order — Claymore_微笑的特雷莎
Primeras 150 de 225 acciones detectadas
| 0:01 | Crear | Villager (Male) |
| 0:01 | Crear | Villager (Male) |
| 0:01 | Crear | Villager (Male) |
| 0:03 | Construir | House |
| 0:05 | Construir | House |
| 0:14 | Crear | Villager (Male) |
| 0:14 | Crear | Villager (Male) |
| 1:27 | Crear | Villager (Male) |
| 1:28 | Crear | Villager (Male) |
| 1:46 | Construir | Lumber Camp |
| 1:55 | Crear | Villager (Male) |
| 1:55 | Crear | Villager (Male) |
| 2:18 | Crear | Villager (Male) |
| 2:52 | Crear | Villager (Male) |
| 2:52 | Crear | Villager (Male) |
| 3:17 | Crear | Villager (Male) |
| 3:17 | Crear | Villager (Male) |
| 3:18 | Crear | Villager (Male) |
| 3:43 | Crear | Villager (Male) |
| 3:44 | Crear | Villager (Male) |
| 3:59 | Construir | House |
| 5:03 | Crear | Villager (Male) |
| 5:03 | Crear | Villager (Male) |
| 5:21 | Crear | Villager (Male) |
| 5:21 | Crear | Villager (Male) |
| 6:03 | Construir | Mining Camp |
| 6:08 | Crear | Villager (Male) |
| 6:08 | Investigar | Loom |
| 6:18 | Crear | Villager (Male) |
| 6:44 | Investigar | Feudal Age |
| 7:24 | Construir | Lumber Camp |
| 7:38 | Construir | Barracks |
| 7:50 | Crear | Villager (Male) |
| 8:15 | Crear | Villager (Male) |
| 8:17 | Construir | House |
| 8:26 | Construir | House |
| 8:48 | Crear | Villager (Male) |
| 8:54 | Edad | Edad Feudal |
| 8:57 | Investigar | Double-Bit Axe |
| 9:01 | Construir | Archery Range |
| 9:31 | Crear | Villager (Male) |
| 9:45 | Construir | Archery Range |
| 9:57 | Crear | Archer |
| 10:05 | Crear | Villager (Male) |
| 10:19 | Crear | Villager (Male) |
| 10:28 | Crear | Archer |
| 10:28 | Crear | Archer |
| 10:43 | Construir | Blacksmith |
| 10:46 | Crear | Villager (Male) |
| 10:55 | Crear | Archer |
| 10:57 | Crear | Archer |
| 11:00 | Crear | Villager (Male) |
| 11:07 | Construir | House |
| 11:23 | Construir | Mill |
| 11:25 | Crear | Villager (Male) |
| 11:49 | Crear | Archer |
| 11:50 | Crear | Archer |
| 11:53 | Construir | House |
| 12:04 | Investigar | Fletching |
| 12:04 | Investigar | Fletching |
| 12:14 | Crear | Archer |
| 12:15 | Crear | Archer |
| 12:18 | Crear | Archer |
| 12:35 | Crear | Villager (Male) |
| 12:45 | Construir | House |
| 12:48 | Construir | House |
| 13:26 | Crear | Archer |
| 13:26 | Crear | Archer |
| 13:34 | Crear | Villager (Male) |
| 13:36 | Construir | Farm |
| 13:40 | Crear | Archer |
| 13:41 | Crear | Archer |
| 14:03 | Crear | Archer |
| 14:04 | Crear | Archer |
| 14:31 | Crear | Villager (Male) |
| 14:33 | Construir | Farm |
| 14:45 | Crear | Archer |
| 14:46 | Crear | Archer |
| 15:16 | Crear | Villager (Male) |
| 15:17 | Crear | Villager (Male) |
| 15:19 | Construir | Farm |
| 15:24 | Investigar | Horse Collar |
| 15:28 | Construir | Farm |
| 15:32 | Crear | Villager (Male) |
| 15:33 | Crear | Archer |
| 15:34 | Crear | Archer |
| 15:37 | Crear | Archer |
| 15:40 | Construir | House |
| 15:42 | Construir | House |
| 16:24 | Crear | Villager (Male) |
| 16:29 | Construir | Farm |
| 16:31 | Construir | Farm |
| 17:07 | Crear | Archer |
| 17:07 | Crear | Archer |
| 17:08 | Crear | Archer |
| 17:29 | Crear | Archer |
| 17:29 | Crear | Archer |
| 17:30 | Crear | Villager (Male) |
| 17:33 | Crear | Villager (Male) |
| 17:38 | Construir | Palisade Gate |
| 17:42 | Construir | House |
| 17:50 | Crear | Archer |
| 18:17 | Construir | Farm |
| 18:19 | Crear | Villager (Male) |
| 18:21 | Construir | Farm |
| 18:46 | Crear | Villager (Male) |
| 18:49 | Construir | Farm |
| 18:52 | Crear | Archer |
| 18:52 | Crear | Archer |
| 18:57 | Construir | Watch Tower |
| 19:06 | Crear | Archer |
| 19:07 | Crear | Archer |
| 19:07 | Crear | Archer |
| 19:50 | Construir | Lumber Camp |
| 19:59 | Investigar | Loom |
| 20:15 | Crear | Archer |
| 20:15 | Crear | Archer |
| 20:15 | Crear | Archer |
| 20:24 | Construir | Lumber Camp |
| 20:28 | Construir | House |
| 20:36 | Construir | Palisade Wall |
| 20:47 | Crear | Archer |
| 20:48 | Crear | Archer |
| 21:15 | Crear | Villager (Male) |
| 21:46 | Construir | Gate |
| 21:57 | Crear | Villager (Male) |
| 21:57 | Crear | Villager (Male) |
| 22:00 | Construir | Mining Camp |
| 22:06 | Construir | Mining Camp |
| 22:13 | Construir | Market |
| 22:33 | Construir | Farm |
| 22:40 | Construir | Farm |
| 22:44 | Construir | Farm |
| 23:05 | Construir | House |
| 23:06 | Crear | Archer |
| 23:07 | Crear | Archer |
| 23:16 | Investigar | Castle Age |
| 23:19 | Investigar | Gold Mining |
| 23:23 | Investigar | Stone Mining |
| 23:36 | Crear | Villager (Male) |
| 23:55 | Crear | Archer |
| 23:56 | Crear | Archer |
| 24:21 | Investigar | Padded Archer Armor |
| 24:21 | Investigar | Padded Archer Armor |
| 24:26 | Construir | Farm |
| 24:32 | Crear | Archer |
| 24:33 | Crear | Archer |
| 24:43 | Construir | Farm |
| 25:14 | Crear | Archer |
| 25:14 | Crear | Archer |
Build order — SnubPigeon1853
Primeras 150 de 362 acciones detectadas
| 0:01 | Crear | Villager (Male) |
| 0:02 | Construir | House |
| 0:04 | Construir | House |
| 0:05 | Crear | Villager (Male) |
| 0:05 | Crear | Villager (Male) |
| 0:06 | Crear | Villager (Male) |
| 1:23 | Crear | Villager (Male) |
| 1:23 | Crear | Villager (Male) |
| 1:51 | Construir | Lumber Camp |
| 2:05 | Crear | Villager (Male) |
| 2:05 | Crear | Villager (Male) |
| 2:15 | Crear | Villager (Male) |
| 2:15 | Crear | Villager (Male) |
| 2:40 | Crear | Villager (Male) |
| 2:40 | Crear | Villager (Male) |
| 3:26 | Construir | House |
| 3:43 | Crear | Villager (Male) |
| 3:49 | Crear | Villager (Male) |
| 3:49 | Crear | Villager (Male) |
| 3:53 | Crear | Villager (Male) |
| 3:53 | Crear | Villager (Male) |
| 3:54 | Crear | Villager (Male) |
| 3:57 | Construir | Mill |
| 4:50 | Crear | Villager (Male) |
| 4:51 | Crear | Villager (Male) |
| 5:14 | Crear | Villager (Male) |
| 5:14 | Crear | Villager (Male) |
| 5:15 | Crear | Villager (Male) |
| 6:05 | Crear | Villager (Male) |
| 6:05 | Crear | Villager (Male) |
| 6:31 | Crear | Villager (Male) |
| 6:31 | Crear | Villager (Male) |
| 6:35 | Crear | Villager (Male) |
| 6:35 | Crear | Villager (Male) |
| 6:49 | Crear | Villager (Male) |
| 6:49 | Crear | Villager (Male) |
| 6:55 | Crear | Villager (Male) |
| 6:55 | Crear | Villager (Male) |
| 6:55 | Crear | Villager (Male) |
| 6:55 | Crear | Villager (Male) |
| 7:02 | Construir | House |
| 7:09 | Investigar | Loom |
| 7:26 | Crear | Villager (Male) |
| 7:36 | Crear | Villager (Male) |
| 8:12 | Construir | Mining Camp |
| 8:18 | Crear | Villager (Male) |
| 8:41 | Investigar | Feudal Age |
| 8:41 | Investigar | Feudal Age |
| 9:21 | Crear | Villager (Male) |
| 9:39 | Construir | Barracks |
| 10:20 | Crear | Villager (Male) |
| 10:59 | Crear | Villager (Male) |
| 11:08 | Construir | Stable |
| 11:14 | Construir | Blacksmith |
| 11:31 | Construir | Farm |
| 11:55 | Investigar | Castle Age |
| 11:55 | Investigar | Castle Age |
| 12:06 | Construir | House |
| 12:12 | Investigar | Double-Bit Axe |
| 12:45 | Crear | Villager (Male) |
| 12:48 | Construir | House |
| 12:59 | Crear | Villager (Male) |
| 13:17 | Construir | House |
| 13:44 | Crear | Villager (Male) |
| 13:54 | Investigar | Gold Mining |
| 14:20 | Crear | Villager (Male) |
| 14:37 | Construir | Farm |
| 14:37 | Construir | Farm |
| 14:37 | Construir | Farm |
| 14:37 | Construir | Farm |
| 14:38 | Construir | Farm |
| 14:38 | Construir | Farm |
| 14:38 | Construir | Farm |
| 14:42 | Construir | Farm |
| 14:42 | Construir | Farm |
| 14:42 | Construir | Farm |
| 14:42 | Construir | Farm |
| 14:45 | Construir | Farm |
| 14:46 | Crear | Villager (Male) |
| 14:59 | Construir | Farm |
| 15:04 | Construir | Farm |
| 15:14 | Construir | House |
| 15:23 | Construir | House |
| 15:25 | Crear | Villager (Male) |
| 15:30 | Construir | Farm |
| 15:49 | Crear | Villager (Male) |
| 15:52 | Construir | House |
| 16:09 | Crear | Knight |
| 16:10 | Crear | Knight |
| 16:21 | Construir | House |
| 16:24 | Construir | Farm |
| 16:27 | Crear | Villager (Male) |
| 16:28 | Crear | Knight |
| 16:32 | Construir | House |
| 16:38 | Crear | Villager (Male) |
| 16:44 | Crear | Knight |
| 16:44 | Crear | Knight |
| 17:03 | Crear | Knight |
| 17:08 | Crear | Knight |
| 17:11 | Construir | Farm |
| 17:25 | Construir | Farm |
| 17:33 | Investigar | Scale Barding Armor |
| 17:34 | Investigar | Scale Barding Armor |
| 17:36 | Crear | Knight |
| 17:44 | Construir | Farm |
| 17:46 | Crear | Villager (Male) |
| 17:55 | Crear | Villager (Male) |
| 18:03 | Crear | Villager (Male) |
| 18:11 | Crear | Knight |
| 18:26 | Crear | Villager (Male) |
| 18:52 | Investigar | Husbandry |
| 18:52 | Crear | Villager (Male) |
| 19:07 | Construir | Town Center |
| 19:35 | Crear | Villager (Male) |
| 19:35 | Crear | Villager (Male) |
| 19:35 | Crear | Villager (Male) |
| 20:00 | Crear | Villager (Male) |
| 20:21 | Crear | Villager (Male) |
| 20:21 | Crear | Villager (Male) |
| 20:21 | Crear | Villager (Male) |
| 20:22 | Crear | Villager (Male) |
| 20:22 | Crear | Villager (Male) |
| 20:26 | Crear | Villager (Male) |
| 20:26 | Crear | Villager (Male) |
| 20:27 | Crear | Villager (Male) |
| 20:40 | Construir | Archery Range |
| 20:47 | Construir | Farm |
| 20:47 | Construir | Farm |
| 20:48 | Construir | Farm |
| 20:48 | Construir | Farm |
| 20:48 | Construir | Farm |
| 21:10 | Construir | House |
| 21:13 | Construir | House |
| 21:17 | Crear | Villager (Male) |
| 21:20 | Construir | Farm |
| 21:21 | Crear | Villager (Male) |
| 21:21 | Crear | Villager (Male) |
| 21:21 | Crear | Villager (Male) |
| 21:32 | Construir | Archery Range |
| 21:39 | Crear | Villager (Male) |
| 21:40 | Crear | Villager (Male) |
| 21:40 | Crear | Villager (Male) |
| 22:07 | Crear | Villager (Male) |
| 22:07 | Crear | Villager (Male) |
| 22:13 | Crear | Villager (Male) |
| 22:27 | Construir | Town Center |
| 22:31 | Crear | Villager (Male) |
| 22:31 | Crear | Villager (Male) |
| 22:38 | Crear | Villager (Male) |
| 22:38 | Crear | Villager (Male) |
Build order — Sói
Primeras 150 de 231 acciones detectadas
| 0:01 | Crear | Villager (Male) |
| 0:02 | Crear | Villager (Male) |
| 0:03 | Construir | House |
| 0:04 | Construir | House |
| 0:05 | Crear | Villager (Male) |
| 0:05 | Crear | Villager (Male) |
| 0:05 | Crear | Villager (Male) |
| 1:27 | Crear | Villager (Male) |
| 1:27 | Crear | Villager (Male) |
| 1:52 | Crear | Villager (Male) |
| 1:52 | Crear | Villager (Male) |
| 2:06 | Crear | Villager (Male) |
| 2:07 | Crear | Villager (Male) |
| 2:11 | Construir | Lumber Camp |
| 2:49 | Crear | Villager (Male) |
| 2:50 | Crear | Villager (Male) |
| 2:50 | Crear | Villager (Male) |
| 3:21 | Crear | Villager (Male) |
| 3:21 | Crear | Villager (Male) |
| 3:47 | Crear | Villager (Male) |
| 3:48 | Crear | Villager (Male) |
| 3:50 | Crear | Villager (Male) |
| 3:52 | Construir | House |
| 4:35 | Construir | House |
| 4:47 | Crear | Villager (Male) |
| 4:47 | Crear | Villager (Male) |
| 4:48 | Crear | Villager (Male) |
| 4:51 | Crear | Villager (Male) |
| 4:51 | Crear | Villager (Male) |
| 4:51 | Crear | Villager (Male) |
| 4:58 | Crear | Villager (Male) |
| 4:58 | Crear | Villager (Male) |
| 5:08 | Construir | Mill |
| 5:53 | Crear | Villager (Male) |
| 6:19 | Investigar | Feudal Age |
| 6:19 | Investigar | Feudal Age |
| 7:33 | Construir | Barracks |
| 7:48 | Construir | House |
| 8:24 | Crear | Villager (Male) |
| 8:29 | Edad | Edad Feudal |
| 8:35 | Construir | Stable |
| 8:38 | Investigar | Double-Bit Axe |
| 8:38 | Investigar | Double-Bit Axe |
| 8:42 | Crear | Villager (Male) |
| 8:55 | Construir | House |
| 9:06 | Crear | Villager (Male) |
| 9:20 | Construir | Farm |
| 9:24 | Crear | Scout Cavalry |
| 9:30 | Construir | Farm |
| 9:37 | Crear | Villager (Male) |
| 9:40 | Crear | Scout Cavalry |
| 9:48 | Construir | House |
| 10:05 | Construir | Farm |
| 10:14 | Crear | Villager (Male) |
| 10:17 | Construir | Farm |
| 10:23 | Crear | Scout Cavalry |
| 10:30 | Crear | Villager (Male) |
| 10:32 | Construir | Farm |
| 10:48 | Crear | Scout Cavalry |
| 10:49 | Crear | Villager (Male) |
| 10:52 | Construir | Farm |
| 11:07 | Crear | Villager (Male) |
| 11:14 | Construir | Farm |
| 11:32 | Crear | Scout Cavalry |
| 11:33 | Crear | Villager (Male) |
| 11:37 | Construir | Farm |
| 11:49 | Crear | Scout Cavalry |
| 11:52 | Construir | Farm |
| 11:59 | Construir | House |
| 12:16 | Crear | Villager (Male) |
| 12:19 | Construir | Farm |
| 12:40 | Crear | Villager (Male) |
| 12:42 | Construir | Farm |
| 12:43 | Construir | Farm |
| 13:10 | Crear | Villager (Male) |
| 13:20 | Construir | Farm |
| 13:39 | Crear | Villager (Male) |
| 13:41 | Construir | Mining Camp |
| 13:55 | Construir | Farm |
| 13:55 | Crear | Villager (Male) |
| 14:06 | Crear | Villager (Male) |
| 14:33 | Crear | Villager (Male) |
| 14:37 | Construir | Blacksmith |
| 14:45 | Crear | Scout Cavalry |
| 15:28 | Construir | House |
| 15:30 | Construir | Farm |
| 15:31 | Investigar | Castle Age |
| 15:55 | Investigar | Fletching |
| 16:00 | Investigar | Gold Mining |
| 16:00 | Investigar | Gold Mining |
| 16:04 | Construir | Farm |
| 16:28 | Investigar | Scale Barding Armor |
| 16:28 | Crear | Scout Cavalry |
| 17:03 | Construir | Stable |
| 17:14 | Investigar | Forging |
| 17:14 | Investigar | Forging |
| 17:58 | Investigar | Wheelbarrow |
| 18:01 | Crear | Villager (Male) |
| 18:08 | Investigar | Wheelbarrow |
| 18:08 | Investigar | Wheelbarrow |
| 18:11 | Edad | Edad de los Castillos |
| 18:14 | Construir | House |
| 18:16 | Crear | Knight |
| 18:16 | Crear | Knight |
| 18:20 | Investigar | Bow Saw |
| 18:20 | Investigar | Bow Saw |
| 18:42 | Crear | Knight |
| 18:42 | Crear | Knight |
| 18:59 | Crear | Knight |
| 18:59 | Crear | Knight |
| 19:06 | Construir | Monastery |
| 19:13 | Crear | Villager (Male) |
| 19:19 | Crear | Knight |
| 19:57 | Construir | Farm |
| 20:01 | Construir | House |
| 20:03 | Crear | Monk |
| 20:07 | Investigar | Chain Barding Armor |
| 20:07 | Investigar | Chain Barding Armor |
| 20:07 | Investigar | Chain Barding Armor |
| 20:08 | Crear | Villager (Male) |
| 20:13 | Construir | Farm |
| 20:15 | Construir | Farm |
| 20:29 | Crear | Knight |
| 20:40 | Construir | House |
| 21:01 | Crear | Villager (Male) |
| 21:04 | Construir | Farm |
| 21:06 | Crear | Knight ×3 |
| 21:12 | Construir | House |
| 21:15 | Investigar | Husbandry |
| 21:16 | Investigar | Husbandry |
| 21:25 | Crear | Villager (Male) |
| 21:40 | Crear | Knight |
| 21:40 | Crear | Knight |
| 21:45 | Crear | Villager (Male) |
| 21:47 | Construir | Town Center |
| 22:04 | Crear | Villager (Male) |
| 22:08 | Construir | Farm |
| 22:48 | Crear | Villager (Male) |
| 22:49 | Crear | Villager (Male) |
| 23:22 | Construir | Farm |
| 23:23 | Crear | Villager (Male) |
| 23:30 | Crear | Villager (Male) |
| 23:35 | Construir | House |
| 23:42 | Crear | Knight ×5 |
| 23:50 | Crear | Villager (Male) |
| 23:51 | Crear | Villager (Male) |
| 23:51 | Crear | Villager (Male) |
| 24:07 | Crear | Villager (Male) |
| 24:27 | Crear | Knight |
| 24:28 | Crear | Knight |
Build order — Malleeroot
Primeras 150 de 189 acciones detectadas
| 0:01 | Investigar | Loom |
| 0:02 | Construir | House |
| 0:03 | Construir | House |
| 0:07 | Crear | Villager (Male) |
| 0:08 | Crear | Villager (Male) |
| 0:08 | Crear | Villager (Male) |
| 1:28 | Crear | Villager (Male) |
| 1:49 | Construir | Lumber Camp |
| 2:03 | Crear | Villager (Male) |
| 2:21 | Crear | Villager (Male) |
| 2:40 | Crear | Villager (Male) |
| 3:02 | Crear | Villager (Male) |
| 3:24 | Construir | House |
| 3:25 | Construir | House |
| 3:25 | Construir | House |
| 3:34 | Crear | Villager (Male) |
| 3:54 | Crear | Villager (Male) |
| 4:16 | Crear | Villager (Male) |
| 4:47 | Construir | Mill |
| 4:57 | Crear | Villager (Male) |
| 5:01 | Crear | Villager (Male) |
| 5:28 | Crear | Villager (Male) |
| 5:55 | Crear | Villager (Male) |
| 6:24 | Construir | Lumber Camp |
| 6:29 | Crear | Villager (Male) |
| 6:47 | Crear | Villager (Male) |
| 7:04 | Crear | Villager (Male) |
| 7:37 | Crear | Villager (Male) |
| 7:40 | Crear | Villager (Male) |
| 8:02 | Construir | Mining Camp |
| 8:09 | Investigar | Feudal Age |
| 9:25 | Construir | House |
| 9:26 | Construir | House |
| 9:36 | Construir | Farm |
| 9:38 | Construir | Farm |
| 9:42 | Construir | Farm |
| 9:43 | Construir | Farm |
| 9:45 | Construir | Farm |
| 10:46 | Crear | Villager (Male) |
| 10:47 | Crear | Villager (Male) |
| 10:56 | Edad | Edad Feudal |
| 10:58 | Construir | Blacksmith |
| 11:02 | Construir | Market |
| 11:53 | Investigar | Castle Age |
| 12:02 | Construir | Barracks |
| 12:26 | Investigar | Double-Bit Axe |
| 12:33 | Construir | House |
| 12:35 | Construir | House |
| 12:45 | Construir | Gate |
| 12:50 | Construir | House |
| 12:52 | Construir | House |
| 12:54 | Construir | House |
| 13:11 | Construir | Palisade Wall |
| 13:20 | Construir | Gate |
| 13:37 | Construir | Watch Tower |
| 13:43 | Construir | House |
| 13:47 | Construir | House |
| 13:53 | Crear | Villager (Male) |
| 13:59 | Construir | Archery Range |
| 14:03 | Crear | Villager (Male) |
| 14:04 | Construir | Farm |
| 14:06 | Crear | Villager (Male) |
| 14:13 | Investigar | Fletching |
| 14:33 | Edad | Edad de los Castillos |
| 14:42 | Construir | Palisade Wall |
| 14:45 | Crear | Villager (Male) |
| 14:58 | Crear | Archer ×3 |
| 15:13 | Construir | Archery Range |
| 15:21 | Crear | Villager (Male) |
| 15:27 | Crear | Villager (Male) |
| 15:29 | Crear | Villager (Male) |
| 15:43 | Crear | Villager (Male) |
| 15:59 | Crear | Archer ×3 |
| 16:09 | Crear | Villager (Male) |
| 16:32 | Crear | Villager (Male) |
| 16:41 | Investigar | Crossbowman (upgrade) |
| 16:46 | Construir | Farm |
| 16:47 | Construir | Farm |
| 16:51 | Crear | Archer |
| 17:02 | Crear | Villager (Male) |
| 17:06 | Crear | Archer |
| 17:19 | Crear | Archer |
| 17:21 | Crear | Villager (Male) |
| 17:31 | Crear | Archer |
| 17:51 | Investigar | Bodkin Arrow |
| 18:29 | Crear | Archer ×2 |
| 18:31 | Crear | Villager (Male) |
| 18:36 | Construir | House |
| 18:38 | Crear | Villager (Male) |
| 18:42 | Crear | Villager (Male) |
| 18:44 | Crear | Archer |
| 18:56 | Crear | Archer |
| 19:02 | Construir | Farm |
| 19:03 | Construir | Farm |
| 19:09 | Crear | Villager (Male) |
| 19:14 | Construir | Farm |
| 19:14 | Construir | Farm |
| 19:16 | Construir | Farm |
| 19:17 | Crear | Villager (Male) |
| 19:19 | Construir | University |
| 19:51 | Crear | Villager (Male) |
| 20:08 | Crear | Villager (Male) |
| 20:16 | Construir | Siege Workshop |
| 20:26 | Crear | Villager (Male) |
| 20:27 | Construir | Farm |
| 20:48 | Crear | Villager (Male) |
| 20:50 | Crear | Archer |
| 21:05 | Crear | Villager (Male) |
| 21:13 | Crear | Villager (Male) |
| 21:14 | Construir | Farm |
| 21:15 | Crear | Villager (Male) |
| 21:20 | Crear | Villager (Male) |
| 21:23 | Construir | House |
| 21:27 | Crear | Villager (Male) |
| 21:37 | Construir | Farm |
| 21:42 | Crear | Villager (Male) |
| 21:47 | Investigar | Bow Saw |
| 21:55 | Investigar | Horse Collar |
| 21:58 | Crear | Villager (Male) |
| 22:06 | Crear | Archer ×5 |
| 22:17 | Investigar | Gold Mining |
| 22:25 | Crear | Villager (Male) |
| 22:28 | Crear | Villager (Male) |
| 22:42 | Crear | Villager (Male) |
| 23:10 | Crear | Villager (Male) |
| 23:12 | Crear | Archer ×5 |
| 23:15 | Construir | Farm |
| 23:17 | Investigar | Heavy Plow |
| 23:20 | Crear | Villager (Male) |
| 23:36 | Crear | Villager (Male) |
| 23:40 | Crear | Archer ×5 |
| 24:00 | Construir | Archery Range |
| 24:09 | Crear | Archer ×5 |
| 24:12 | Crear | Villager (Male) |
| 24:13 | Investigar | Padded Archer Armor |
| 24:28 | Investigar | Ballistics |
| 24:29 | Crear | Villager (Male) |
| 24:44 | Investigar | Wheelbarrow |
| 24:49 | Crear | Archer ×4 |
| 25:02 | Crear | Archer ×3 |
| 25:05 | Construir | Farm |
| 25:06 | Crear | Villager (Male) |
| 25:13 | Crear | Archer ×4 |
| 25:21 | Crear | Villager (Male) |
| 25:24 | Crear | Villager (Male) |
| 25:31 | Crear | Villager (Male) |
| 25:36 | Construir | Mining Camp |
| 26:00 | Crear | Archer ×5 |
| 26:01 | Crear | Villager (Male) |
| 26:16 | Investigar | Leather Archer Armor |
Build order — LêHuy69
Primeras 150 de 208 acciones detectadas
| 0:02 | Crear | Villager (Male) |
| 0:02 | Crear | Villager (Male) |
| 0:03 | Crear | Villager (Male) |
| 0:03 | Crear | Villager (Male) |
| 0:04 | Crear | Villager (Male) |
| 0:05 | Construir | House |
| 0:07 | Construir | House |
| 1:24 | Crear | Villager (Male) |
| 1:25 | Crear | Villager (Male) |
| 2:08 | Crear | Villager (Male) |
| 2:08 | Crear | Villager (Male) |
| 2:09 | Crear | Villager (Male) |
| 2:11 | Construir | Lumber Camp |
| 2:47 | Crear | Villager (Male) |
| 2:47 | Crear | Villager (Male) |
| 2:47 | Crear | Villager (Male) |
| 3:02 | Construir | House |
| 3:39 | Crear | Villager (Male) |
| 3:39 | Crear | Villager (Male) |
| 3:39 | Crear | Villager (Male) |
| 3:55 | Crear | Villager (Male) |
| 3:55 | Crear | Villager (Male) |
| 4:33 | Crear | Villager (Male) |
| 5:07 | Crear | Villager (Male) |
| 5:07 | Crear | Villager (Male) |
| 5:28 | Crear | Villager (Male) |
| 5:34 | Construir | Mining Camp |
| 5:45 | Crear | Villager (Male) |
| 5:45 | Crear | Villager (Male) |
| 5:49 | Crear | Villager (Male) |
| 5:49 | Crear | Villager (Male) |
| 5:59 | Investigar | Loom |
| 6:51 | Investigar | Feudal Age |
| 6:51 | Investigar | Feudal Age |
| 7:09 | Construir | Barracks |
| 7:29 | Construir | House |
| 7:31 | Construir | House |
| 9:01 | Edad | Edad Feudal |
| 9:04 | Construir | Archery Range |
| 9:09 | Crear | Villager (Male) |
| 9:10 | Crear | Villager (Male) |
| 9:10 | Crear | Villager (Male) |
| 9:50 | Construir | Blacksmith |
| 9:52 | Crear | Archer |
| 9:52 | Crear | Archer |
| 9:52 | Crear | Archer |
| 10:09 | Crear | Villager (Male) |
| 10:09 | Crear | Villager (Male) |
| 10:18 | Construir | Mill |
| 10:59 | Construir | Archery Range |
| 11:09 | Crear | Villager (Male) |
| 11:09 | Crear | Villager (Male) |
| 11:32 | Crear | Archer |
| 11:41 | Construir | House |
| 11:42 | Construir | House |
| 11:48 | Crear | Archer |
| 11:50 | Crear | Archer |
| 11:50 | Crear | Archer |
| 11:50 | Crear | Archer |
| 11:51 | Crear | Archer |
| 12:11 | Crear | Villager (Male) |
| 12:11 | Crear | Villager (Male) |
| 12:22 | Construir | Farm |
| 12:54 | Crear | Villager (Male) |
| 13:02 | Construir | Farm |
| 13:02 | Construir | Farm |
| 13:02 | Construir | Farm |
| 13:03 | Construir | Farm |
| 13:03 | Construir | Farm |
| 13:08 | Construir | Farm |
| 13:15 | Crear | Archer |
| 13:15 | Crear | Archer |
| 13:15 | Crear | Archer |
| 13:16 | Crear | Archer |
| 13:16 | Crear | Archer |
| 13:38 | Investigar | Fletching |
| 13:38 | Investigar | Fletching |
| 14:00 | Crear | Villager (Male) |
| 14:01 | Crear | Villager (Male) |
| 14:03 | Crear | Villager (Male) |
| 14:07 | Construir | House |
| 14:09 | Crear | Archer |
| 14:10 | Crear | Archer |
| 14:11 | Crear | Archer |
| 14:11 | Crear | Archer |
| 14:50 | Crear | Villager (Male) |
| 14:55 | Construir | Market |
| 15:02 | Construir | Farm |
| 15:15 | Crear | Villager (Male) |
| 15:55 | Crear | Archer |
| 15:56 | Crear | Archer |
| 15:56 | Crear | Archer |
| 15:57 | Crear | Archer |
| 15:58 | Investigar | Double-Bit Axe |
| 15:58 | Investigar | Horse Collar |
| 15:59 | Investigar | Horse Collar |
| 16:03 | Crear | Villager (Male) |
| 16:03 | Crear | Villager (Male) |
| 16:18 | Construir | House |
| 16:29 | Crear | Archer |
| 16:43 | Construir | House |
| 16:52 | Crear | Villager (Male) |
| 16:55 | Construir | Farm |
| 17:20 | Crear | Archer |
| 17:24 | Construir | Farm |
| 17:31 | Construir | House |
| 17:32 | Construir | House |
| 17:48 | Crear | Archer |
| 17:50 | Crear | Archer |
| 17:50 | Crear | Archer |
| 18:03 | Construir | Palisade Gate |
| 18:17 | Crear | Villager (Male) |
| 18:17 | Crear | Villager (Male) |
| 18:20 | Investigar | Gold Mining |
| 18:34 | Construir | House |
| 18:48 | Construir | Farm |
| 19:02 | Construir | House |
| 19:46 | Construir | Lumber Camp |
| 19:55 | Construir | House |
| 20:33 | Construir | Mining Camp |
| 21:02 | Construir | House |
| 21:24 | Investigar | Castle Age |
| 21:24 | Investigar | Castle Age |
| 22:15 | Construir | Mining Camp |
| 23:14 | Construir | Lumber Camp |
| 23:30 | Crear | Archer |
| 23:30 | Crear | Archer |
| 23:34 | Crear | Archer |
| 23:34 | Crear | Archer |
| 23:34 | Crear | Archer |
| 24:04 | Edad | Edad de los Castillos |
| 24:05 | Crear | Villager (Male) |
| 24:05 | Crear | Villager (Male) |
| 24:05 | Crear | Villager (Male) |
| 24:06 | Crear | Villager (Male) |
| 24:06 | Crear | Villager (Male) |
| 24:14 | Construir | Gate |
| 24:46 | Investigar | Crossbowman (upgrade) |
| 24:47 | Investigar | Crossbowman (upgrade) |
| 25:02 | Crear | Villager (Male) |
| 25:02 | Crear | Villager (Male) |
| 25:14 | Crear | Archer |
| 25:15 | Crear | Archer |
| 25:15 | Crear | Archer |
| 25:31 | Crear | Villager (Male) |
| 25:39 | Construir | Town Center |
| 25:55 | Crear | Archer |
| 26:13 | Crear | Villager (Male) |
| 26:13 | Crear | Villager (Male) |
| 26:16 | Construir | Farm |
Build order — ArfGran
Primeras 150 de 298 acciones detectadas
| 0:01 | Crear | Villager (Male) |
| 0:01 | Crear | Villager (Male) |
| 0:01 | Crear | Villager (Male) |
| 0:02 | Crear | Villager (Male) |
| 0:04 | Construir | House |
| 0:05 | Construir | House |
| 1:36 | Crear | Villager (Male) |
| 1:36 | Crear | Villager (Male) |
| 1:37 | Crear | Villager (Male) |
| 1:45 | Construir | Lumber Camp |
| 2:11 | Crear | Villager (Male) |
| 2:12 | Crear | Villager (Male) |
| 2:12 | Crear | Villager (Male) |
| 2:22 | Crear | Villager (Male) |
| 2:22 | Crear | Villager (Male) |
| 2:51 | Crear | Villager (Male) |
| 2:51 | Crear | Villager (Male) |
| 3:05 | Construir | House |
| 3:12 | Crear | Villager (Male) |
| 3:38 | Crear | Villager (Male) |
| 4:13 | Crear | Villager (Male) |
| 4:28 | Crear | Villager (Male) |
| 4:54 | Construir | House |
| 4:55 | Construir | House |
| 4:58 | Crear | Villager (Male) |
| 5:11 | Construir | Mill |
| 5:29 | Crear | Villager (Male) |
| 5:30 | Crear | Villager (Male) |
| 5:30 | Crear | Villager (Male) |
| 5:45 | Crear | Villager (Male) |
| 5:45 | Crear | Villager (Male) |
| 5:48 | Construir | House |
| 5:50 | Construir | House |
| 6:18 | Construir | Mining Camp |
| 6:31 | Crear | Villager (Male) |
| 6:33 | Crear | Villager (Male) |
| 7:20 | Crear | Villager (Male) |
| 7:41 | Construir | Farm |
| 7:43 | Crear | Villager (Male) |
| 7:46 | Crear | Villager (Male) |
| 7:57 | Crear | Villager (Male) |
| 8:05 | Construir | Lumber Camp |
| 8:10 | Crear | Villager (Male) |
| 8:10 | Crear | Villager (Male) |
| 9:16 | Crear | Villager (Male) |
| 9:28 | Investigar | Feudal Age |
| 9:55 | Construir | Farm |
| 10:22 | Crear | Villager (Male) |
| 10:23 | Investigar | Loom |
| 11:29 | Construir | Farm |
| 11:33 | Construir | Farm |
| 11:37 | Construir | Farm |
| 11:39 | Construir | Farm |
| 11:40 | Construir | Farm |
| 11:42 | Construir | Farm |
| 11:45 | Construir | Farm |
| 11:49 | Construir | Farm |
| 11:52 | Construir | Farm |
| 12:42 | Edad | Edad Feudal |
| 12:57 | Construir | Palisade Gate |
| 13:11 | Investigar | Castle Age |
| 13:18 | Construir | Stable |
| 13:50 | Construir | House |
| 13:53 | Construir | Palisade Wall |
| 13:58 | Construir | Palisade Gate |
| 14:03 | Construir | House |
| 14:09 | Construir | House |
| 14:27 | Construir | Palisade Wall |
| 14:28 | Construir | Palisade Wall |
| 14:43 | Construir | Stable |
| 14:47 | Investigar | Bloodlines |
| 15:07 | Construir | Blacksmith |
| 15:16 | Investigar | Double-Bit Axe |
| 15:19 | Investigar | Gold Mining |
| 15:22 | Investigar | Horse Collar |
| 15:43 | Construir | Farm |
| 16:00 | Investigar | Scale Barding Armor |
| 16:12 | Edad | Edad de los Castillos |
| 16:14 | Crear | Battle Elephant |
| 16:15 | Crear | Knight |
| 16:15 | Crear | Knight |
| 16:24 | Crear | Knight |
| 16:24 | Crear | Knight |
| 16:27 | Crear | Villager (Male) |
| 16:27 | Crear | Villager (Male) |
| 16:52 | Crear | Villager (Male) |
| 16:59 | Construir | Town Center |
| 17:04 | Crear | Villager (Male) |
| 17:08 | Crear | Knight |
| 17:08 | Crear | Knight |
| 17:21 | Construir | Farm |
| 17:37 | Crear | Villager (Male) |
| 17:55 | Investigar | Husbandry |
| 18:01 | Crear | Knight |
| 18:01 | Crear | Knight |
| 18:07 | Crear | Villager (Male) |
| 18:11 | Crear | Villager (Male) |
| 18:11 | Crear | Villager (Male) |
| 18:18 | Crear | Villager (Male) |
| 18:43 | Construir | Farm |
| 18:44 | Crear | Villager (Male) |
| 18:46 | Crear | Villager (Male) |
| 18:58 | Crear | Knight |
| 18:58 | Crear | Knight |
| 19:00 | Crear | Villager (Male) |
| 19:06 | Construir | Town Center |
| 19:25 | Investigar | Forging |
| 19:47 | Crear | Knight |
| 19:47 | Crear | Knight |
| 20:00 | Construir | Farm |
| 20:01 | Crear | Villager (Male) |
| 20:01 | Crear | Villager (Male) |
| 20:15 | Construir | Farm |
| 20:16 | Construir | Farm |
| 20:18 | Construir | Farm |
| 20:21 | Crear | Villager (Male) |
| 20:23 | Crear | Villager (Male) |
| 20:23 | Crear | Villager (Male) |
| 20:46 | Crear | Battle Elephant |
| 20:47 | Crear | Battle Elephant |
| 20:58 | Construir | Farm |
| 21:06 | Crear | Battle Elephant |
| 21:06 | Crear | Battle Elephant |
| 21:37 | Crear | Villager (Male) |
| 21:37 | Crear | Villager (Male) |
| 21:42 | Construir | Farm |
| 21:43 | Crear | Villager (Male) |
| 21:45 | Crear | Villager (Male) |
| 21:45 | Crear | Villager (Male) |
| 21:50 | Construir | Lumber Camp |
| 21:56 | Crear | Knight |
| 22:05 | Construir | Farm |
| 22:06 | Construir | Farm |
| 22:09 | Crear | Villager (Male) |
| 22:09 | Crear | Villager (Male) |
| 22:23 | Construir | Farm |
| 22:24 | Crear | Villager (Male) |
| 22:29 | Construir | Farm |
| 22:32 | Crear | Villager (Male) |
| 22:32 | Crear | Villager (Male) |
| 22:57 | Construir | Farm |
| 22:58 | Construir | Farm |
| 23:00 | Crear | Villager (Male) |
| 23:00 | Crear | Villager (Male) |
| 23:03 | Crear | Villager (Male) |
| 23:07 | Crear | Villager (Male) |
| 23:28 | Investigar | Light Cavalry (upgrade) |
| 23:29 | Crear | Scout Cavalry |
| 23:29 | Crear | Scout Cavalry |
| 23:32 | Construir | House |
Build order — IamAlextremo
Primeras 150 de 314 acciones detectadas
| 0:01 | Crear | Villager (Male) |
| 0:01 | Crear | Villager (Male) |
| 0:02 | Construir | House |
| 0:03 | Construir | House |
| 0:06 | Crear | Villager (Male) |
| 0:13 | Crear | Villager (Male) |
| 0:14 | Crear | Villager (Male) |
| 1:32 | Crear | Villager (Male) |
| 1:40 | Crear | Villager (Male) |
| 1:44 | Construir | Lumber Camp |
| 2:23 | Crear | Villager (Male) |
| 2:23 | Crear | Villager (Male) |
| 3:09 | Crear | Villager (Male) |
| 3:10 | Crear | Villager (Male) |
| 3:10 | Crear | Villager (Male) |
| 3:51 | Construir | House |
| 3:55 | Crear | Villager (Male) |
| 3:56 | Crear | Villager (Male) |
| 3:56 | Crear | Villager (Male) |
| 3:56 | Crear | Villager (Male) |
| 4:16 | Construir | Mill |
| 4:58 | Crear | Villager (Male) |
| 5:21 | Construir | Mining Camp |
| 5:43 | Crear | Villager (Male) |
| 5:45 | Crear | Villager (Male) |
| 6:16 | Crear | Villager (Male) |
| 6:38 | Investigar | Feudal Age |
| 6:46 | Construir | Mill |
| 7:30 | Crear | Villager (Male) |
| 7:55 | Construir | Barracks |
| 8:01 | Construir | House |
| 8:51 | Edad | Edad Feudal |
| 8:56 | Construir | Archery Range |
| 8:58 | Crear | Villager (Male) |
| 9:19 | Construir | House |
| 9:23 | Crear | Villager (Male) |
| 9:42 | Construir | Archery Range |
| 9:49 | Crear | Villager (Male) |
| 10:01 | Crear | Archer |
| 10:10 | Construir | House |
| 10:17 | Crear | Villager (Male) |
| 10:27 | Crear | Archer |
| 10:37 | Crear | Archer |
| 10:40 | Crear | Villager (Male) |
| 10:57 | Crear | Villager (Male) |
| 11:08 | Construir | Blacksmith |
| 11:16 | Crear | Archer |
| 11:25 | Crear | Villager (Male) |
| 11:30 | Crear | Archer |
| 11:40 | Construir | House |
| 11:43 | Crear | Archer |
| 11:53 | Investigar | Fletching |
| 11:53 | Investigar | Fletching |
| 11:54 | Crear | Villager (Male) |
| 11:57 | Construir | Farm |
| 12:08 | Crear | Archer |
| 12:31 | Construir | Farm |
| 12:32 | Crear | Archer |
| 12:41 | Crear | Villager (Male) |
| 12:42 | Investigar | Wheelbarrow |
| 12:42 | Investigar | Wheelbarrow |
| 12:47 | Crear | Archer |
| 12:52 | Construir | House |
| 12:58 | Construir | Farm |
| 12:58 | Crear | Villager (Male) |
| 13:01 | Crear | Archer |
| 13:07 | Investigar | Padded Archer Armor |
| 13:18 | Crear | Villager (Male) |
| 13:26 | Crear | Archer |
| 13:29 | Construir | Farm |
| 13:32 | Construir | House |
| 13:33 | Crear | Archer |
| 13:51 | Construir | Farm |
| 13:55 | Crear | Villager (Male) |
| 13:57 | Crear | Archer |
| 14:03 | Investigar | Double-Bit Axe |
| 14:10 | Crear | Villager (Male) |
| 14:10 | Crear | Villager (Male) |
| 14:28 | Crear | Archer |
| 14:29 | Crear | Villager (Male) |
| 14:34 | Construir | Farm |
| 14:39 | Crear | Villager (Male) |
| 14:46 | Crear | Archer |
| 14:50 | Construir | Farm |
| 15:00 | Crear | Archer |
| 15:09 | Construir | Farm |
| 15:13 | Construir | House |
| 15:29 | Crear | Archer |
| 15:33 | Crear | Villager (Male) |
| 15:37 | Construir | Farm |
| 15:50 | Crear | Archer |
| 15:56 | Construir | Farm |
| 16:04 | Crear | Villager (Male) |
| 16:08 | Crear | Archer |
| 16:26 | Construir | House |
| 16:28 | Construir | House |
| 16:30 | Crear | Archer |
| 16:33 | Construir | House |
| 16:34 | Construir | House |
| 16:42 | Construir | Farm |
| 16:48 | Investigar | Loom |
| 16:53 | Crear | Villager (Male) |
| 16:59 | Construir | House |
| 17:02 | Crear | Archer |
| 17:20 | Crear | Villager (Male) |
| 17:22 | Construir | Farm |
| 17:35 | Investigar | Castle Age |
| 17:39 | Crear | Archer |
| 17:43 | Construir | House |
| 17:59 | Investigar | Horse Collar |
| 18:28 | Construir | Lumber Camp |
| 18:31 | Crear | Archer |
| 18:34 | Crear | Villager (Male) |
| 18:53 | Crear | Archer |
| 18:53 | Crear | Archer |
| 19:35 | Crear | Archer |
| 19:38 | Investigar | Gold Mining |
| 19:44 | Construir | Farm |
| 20:18 | Edad | Edad de los Castillos |
| 20:20 | Investigar | Bodkin Arrow |
| 20:20 | Investigar | Bodkin Arrow |
| 20:21 | Investigar | Crossbowman (upgrade) |
| 20:32 | Construir | Farm |
| 20:36 | Crear | Villager (Male) |
| 20:38 | Crear | Archer |
| 20:38 | Crear | Archer |
| 20:49 | Construir | University |
| 20:52 | Crear | Villager (Male) |
| 20:54 | Crear | Archer |
| 21:11 | Crear | Archer |
| 21:11 | Construir | Farm |
| 21:17 | Crear | Villager (Male) |
| 21:19 | Crear | Archer |
| 21:38 | Crear | Villager (Male) |
| 21:41 | Construir | House |
| 21:41 | Construir | House |
| 21:47 | Construir | Farm |
| 21:49 | Construir | Farm |
| 21:50 | Construir | Farm |
| 22:03 | Crear | Villager (Male) |
| 22:12 | Investigar | Ballistics |
| 22:12 | Investigar | Ballistics |
| 22:22 | Crear | Archer |
| 22:28 | Crear | Villager (Male) |
| 22:30 | Crear | Villager (Male) |
| 22:34 | Crear | Villager (Male) |
| 22:36 | Crear | Villager (Male) |
| 22:39 | Crear | Villager (Male) |
| 22:41 | Crear | Villager (Male) |
| 22:45 | Crear | Villager (Male) |
Cronología de la partida
| 7:09 | LêHuy69 · first_building Barracks |
| 7:33 | Sói · first_building Barracks |
| 7:38 | Claymore_微笑的特雷莎 · first_building Barracks |
| 7:55 | IamAlextremo · first_building Barracks |
| 8:29 | Sói · age_up feudal |
| 8:35 | Sói · first_building Stable |
| 8:51 | IamAlextremo · age_up feudal |
| 8:54 | Claymore_微笑的特雷莎 · age_up feudal |
| 8:56 | IamAlextremo · first_building Archery Range |
| 9:01 | Claymore_微笑的特雷莎 · first_building Archery Range |
| 9:01 | LêHuy69 · age_up feudal |
| 9:04 | LêHuy69 · first_building Archery Range |
| 9:39 | SnubPigeon1853 · first_building Barracks |
| 10:10 | Richard_cat · first_building Barracks |
| 10:35 | Richard_cat · age_up feudal |
| 10:56 | Malleeroot · age_up feudal |
| 11:08 | SnubPigeon1853 · first_building Stable |
| 11:33 | Richard_cat · first_building Stable |
| 12:02 | Malleeroot · first_building Barracks |
| 12:42 | ArfGran · age_up feudal |
| 13:11 | Malleeroot · wall_segment Palisade Wall x1 |
| 13:18 | ArfGran · first_building Stable |
| 13:53 | ArfGran · wall_segment Palisade Wall x1 |
| 13:59 | Malleeroot · first_building Archery Range |
| 14:27 | ArfGran · wall_segment Palisade Wall x1 |
| 14:28 | ArfGran · wall_segment Palisade Wall x1 |
| 14:30 | Malleeroot · first_market_sell 100 wood |
| 14:33 | Malleeroot · age_up castle |
| 14:42 | Malleeroot · wall_segment Palisade Wall x1 |
| 16:12 | ArfGran · age_up castle |
| 16:35 | Malleeroot · first_market_buy 100 food |
| 18:11 | Sói · age_up castle |
| 18:19 | Richard_cat · age_up castle |
| 19:06 | Sói · first_building Monastery |
| 20:16 | Malleeroot · first_building Siege Workshop |
| 20:18 | IamAlextremo · age_up castle |
| 20:36 | Claymore_微笑的特雷莎 · wall_segment Palisade Wall x1 |
| 20:40 | SnubPigeon1853 · first_building Archery Range |
| 22:42 | Richard_cat · first_building Monastery |
| 24:04 | LêHuy69 · age_up castle |
| 24:55 | ArfGran · first_building Monastery |
| 25:00 | LêHuy69 · first_market_buy 100 food |
| 25:56 | Claymore_微笑的特雷莎 · age_up castle |
| 26:51 | Richard_cat · first_building Siege Workshop |
| 27:51 | Claymore_微笑的特雷莎 · first_market_sell 100 food |
| 28:38 | Sói · first_building Siege Workshop |
| 28:41 | IamAlextremo · first_building Monastery |
| 29:01 | Malleeroot · wall_segment Stone Wall x1 |
| 30:18 | IamAlextremo · first_market_sell 100 food |
| 30:38 | Malleeroot · wall_segment Stone Wall x1 |
| 30:40 | Malleeroot · wall_segment Stone Wall x1 |
| 30:47 | Claymore_微笑的特雷莎 · first_building Monastery |
| 31:17 | LêHuy69 · first_building Castle |
| 31:52 | Sói · resign |
| 32:49 | IamAlextremo · first_market_buy 100 stone |
| 33:16 | IamAlextremo · first_building Siege Workshop |
| 33:19 | ArfGran · first_market_sell 500 food |
| 33:35 | IamAlextremo · age_up imperial |
[ ANÁLISIS IA · 1 CRÉDITO ]
¿Qué pasó realmente en esta partida?
Wolo.gg analiza cada decisión: build order, eco, micro, errores típicos por bracket. Análisis personalizado por WhatsApp o Discord en 30 segundos.
Guía civ
Borgoñones
Perfil
Richard_cat